 Dungeon Crawl Stone Soup version 0.30.0-10-gfe55d96785 (webtiles) character file.

Game seed: 5195519253882313426

1400 hawla the Reanimator (level 9, -6/57 (64) HPs)
             Began as a Meteoran Necromancer on May 14, 2023.
             Was an Initiate of Vehumet.
             Mangled by a gnoll
             ... wielding a +0 halberd
             ... led by a gnoll bouda
              (11 damage)
             ... on level 7 of the Dungeon on May 15, 2023.
             The game lasted 00:17:59 (2195 turns).

hawla the Reanimator (Meteoran Necromancer)         Turns: 2195, Time: 00:18:00

HP:   -6/57 (64)    AC: 13    Str: 10    XL:     9   Next: 20%
MP:   15/18         EV: 13    Int: 21    God:    Vehumet [......]
Gold: 432           SH:  0    Dex: 15    Spells: 5/19 levels left

rFire   . . .        i - +3 mace (protect)
rCold   . . .        b - orb {*channel}
rNeg    . . .        l - +0 steam dragon scales
rPois   .            (no helmet)
rElec   .            (no cloak)
rCorr   .            (no gloves)
SInv    .            k - +0 pair of boots
Will    +....        (no amulet)
Stlth   +            (no ring)
HPRegen 0.29/turn    (no ring)
MPRegen 0.16/turn

%: channel magic (20%)
@: under a protective aura, glowing, heavily drained
A: sense surroundings 2, otherworldly, glowing, explore regen
a: Renounce Religion


You were on level 7 of the Dungeon.
You worshipped Vehumet.
Vehumet was noncommittal.
You visited 1 branch of the dungeon, and saw 7 of its levels.
You also visited: Sewer.

You collected 432 gold pieces.

Inventory:

Hand Weapons
 i - a +3 mace of protection (weapon)
Armour
 b - an orb of energy (worn)
 k - a +0 pair of boots (worn)
 l - +0 steam dragon scales (worn)
Scrolls
 g - a scroll of poison
 h - 2 scrolls of teleportation
 m - 2 scrolls of fear {unknown}
Potions
 a - a potion of might {unknown}
 c - a potion of mutation {unknown}
 d - a potion of magic
 j - a potion of resistance
 n - a potion of haste
 p - a potion of brilliance


   Skills:
 + Level 1.2 Fighting
 + Level 1.7 Maces & Flails
 + Level 4.0 Dodging
 - Level 1.4 Stealth
 + Level 5.7 Spellcasting
 + Level 4.1 Hexes
 + Level 4.4 Summonings
 + Level 8.8 Necromancy


You had 5 spell levels left.
You knew the following spells:

 Your Spells              Type           Power      Damage    Failure   Level
a - Necrotise             Necr           100%       1d9       2%          1
b - Vampiric Draining     Necr           43%        2d9       4%          3
c - Animate Dead          Necr           43%        N/A       10%         4
d - Call Canine Familiar  Summ           24%        N/A       14%         3
e - Summon Guardian Gole  Hex/Summ       24%        N/A       14%         3

Your spell library contained the following spells:

 Spells                   Type           Power      Damage    Failure   Level
 Summon Small Mammal      Summ           96%        N/A       7%          1
 Agony                    Necr           43%        N/A       21%         5
 Orb of Destruction       Conj           3%         9d5       100%        7
 Spellforged Servitor     Conj/Summ      7%         N/A       100%        7


Dungeon Overview and Level Annotations

Branches:
Dungeon (7/15) Zot: 1914    Sewer (visited)
 Temple: D:4-7

Altars:
Gozag
Vehumet


Innate Abilities, Weirdness & Mutations

You passively map the area around you.
You are easily found by Zot.
You glow in the dark.
You regain HP and MP as you explore.


Message History

Your hound bites the wight but does no damage.
Okay, then.
Unknown command.
What are your orders? t - Shout!
Orders for allies: a - Attack new target. p - Attack previous target. r - Retreat! s - Stop attacking. g - Guard the area. f - Follow me.
Anything else - Cancel.
Gang up on whom?
Press: ? - help, Dir - move target, f - wight, p - gnoll
Aim: a wight, wielding a +0 long sword and wearing a +0 robe Attack!
The wight completely misses you. The gnoll hits you but does no damage.
The gnoll hits you from afar with a +0 halberd.
* * * LOW HITPOINT WARNING * * *
You hit the gnoll bouda.
Your weapon exudes an aura of protection.
The gnoll bouda is lightly wounded.
The wight barely misses you.
The gnoll bouda barks out a call to the hunt!
The gnolls pick up the pace!
The gnoll hits you from afar with a +0 halberd.
* * * LOW HITPOINT WARNING * * *
The gnoll closely misses you.
The wight hits your guardian golem with a +2 short sword of freezing!
The wight freezes your guardian golem.
Your hound barely misses the wight.
The gnoll hits your guardian golem with a +0 flail!
The gnoll hits you with a +0 flail.
* * * LOW HITPOINT WARNING * * *
As you read the scroll labelled POKHADOCUY, it crumbles to dust.
You feel aware of your surroundings.
You sensed 4 altars, and 2 shops/portals.
It was a scroll of magic mapping.
Your guardian golem disappears in a puff of smoke!
Your hound bites the wight but does no damage.
The wight hits you with a +0 long sword.
* * * LOW HITPOINT WARNING * * *
The gnoll bouda barely misses you.
The gnoll hits you from afar with a +0 halberd!
You die...

*,,***,,,** *,,,,,,,,,,,
*,,....,** *,,,,,,,,,,,
***,,,...#* *,.*****,,,,
**,,,***...## *#.#* ****,
*****,,*** **...## *..# *,
*,,,,,** *#...####..# *,
****,,* #.....#..#* *,
**,** ###...g.>..# *,
*,,*####....@g....# *,
**,,........zg...## *,
*,,.......hzgg...### *,
**,................#* *,
*,........)........#* ***,
**............##....#***,,,
*...!.......##**....,,,,,,
*..........## **...,,,,,,
******.........##
**,,..,,,,,,


You could see a gnoll bouda, 2 wights, 4 gnolls and a friendly hound (summoned,
sheltered).

Vanquished Creatures
  Grinder (D:4)
  Sigmund (D:3)
  A steam dragon (D:6)
  The ghost of SnakkuSnakku7 the Firebug, an amateur VSFE (D:3)
  3 scorpions
  An orc priest (D:5)
  An orc wizard (D:3)
  2 iguanas
  A scorpion zombie (D:3)
  3 adders (D:3)
  A river rat (D:4)
  An adder zombie (D:3)
  A worm (D:4)
  13 orcs
  5 bats
  4 endoplasms
  6 goblins
  A hobgoblin (D:4)
  3 kobolds
  5 ball pythons
  8 frilled lizards
  A quokka skeleton (D:3)
  A quokka zombie (D:3)
  2 rats
67 creatures vanquished.

Vanquished Creatures (collateral kills)
  A black bear (D:4)
  An ogre (D:5)
  A wight (D:7)
  A jelly (D:5)
  A centaur skeleton (D:3)
  An iguana (D:5)
  A hound skeleton (D:3)
  An adder (D:5)
  A shadow imp (D:5)
  A white imp (D:6)
  An ufetubus (D:5)
  5 bats (Sewer)
  3 frilled lizards
  A quokka zombie (D:3)
20 creatures vanquished.

Vanquished Creatures (others)
  Pargi (Sewer)
  An adder zombie (D:3)
  7 bat zombies
  2 orc zombies
11 creatures vanquished.

Grand Total: 98 creatures vanquished

Notes
Turn   | Place    | Note
-------+----------+-------------------------------------------
     0 | D:1      | hawla the Meteoran Necromancer began the quest for the Orb.
     0 | D:1      | Reached XP level 1. HP: 14/14 MP: 5/5
   116 | D:2      | Reached XP level 2. HP: 16/20 MP: 1/6
   185 | D:2      | Identified the +7 chain mail "Iklud" {+Blink rElec rPois}
   243 | D:3      | Reached XP level 3. HP: 8/26 MP: 6/8
   362 | D:3      | Reached skill level 5 in Necromancy
   379 | D:3      | Learned a level 3 spell: Vampiric Draining
   403 | D:3      | Reached XP level 4. HP: 16/34 MP: 4/10
   418 | D:3      | Found a runed translucent gate.
   419 | D:3      | Found a runed translucent gate.
   420 | D:3      | Found a runed translucent gate.
   421 | D:3      | Found an opulent altar of Gozag.
   423 | D:3      | Noticed SnakkuSnakku7's ghost (amateur VSFE)
   438 | D:3      | Learned a level 4 spell: Animate Dead
   446 | D:3      | Noticed Sigmund
   468 | D:3      | Killed Sigmund
   469 | D:3      | Reached skill level 7 in Necromancy
   469 | D:3      | Reached XP level 5. HP: 14/39 MP: 0/11
   469 | D:3      | Reached XP level 6. HP: 17/46 MP: 0/12
   698 | D:3      | Reached XP level 7. HP: 32/51 MP: 2/13
   704 | D:3      | Killed SnakkuSnakku7's ghost
   705 | D:3      | Reached skill level 8 in Necromancy
   939 | D:4      | Learned a level 3 spell: Call Canine Familiar
   975 | D:4      | Noticed Grinder
   987 | D:4      | Killed Grinder
  1009 | D:4      | Reached XP level 8. HP: 39/58 MP: 5/14
  1134 | D:4      | Found a glowing drain.
  1146 | Sewer    | Entered a sewer
  1168 | Sewer    | Learned a level 3 spell: Summon Guardian Golem
  1190 | Sewer    | Noticed Pargi
  1200 | Sewer    | Killed Pargi
  1573 | D:5      | Entered Level 5 of the Dungeon
  1643 | D:5      | Reached skill level 1 in Maces & Flails
  1764 | D:5      | Reached skill level 1 in Fighting
  1804 | D:5      | Reached skill level 5 in Spellcasting
  1804 | D:5      | Gained mutation: You passively map the area around you.
                  | [Meteoran growth]
  1804 | D:5      | Reached XP level 9. HP: 60/64 MP: 11/17
  1813 | D:5      | Found a radiant altar of Vehumet.
  1832 | D:5      | Became a worshipper of Vehumet
  2195 | D:7      | Mangled by a gnoll

Illustrated notes

Levels and vault maps discovered:
D:1:      lightli_arrival_quake, layout_basic
D:2:      layout_basic, minmay_lizard_king
D:3:      layout_basic, ebering_ghost_gozag, serial_undead, serial_undead_c,
          serial_undead_f, serial_undead_c, serial_undead_d, serial_undead_f,
          serial_undead_e, uniq_sigmund
D:4:      layout_basic, portal_sewer_entry_b, uniq_grinder
D:5:      layout_cave_pools, mainiacjoe_overflow_surrounded_room
D:6:      layout_rooms, mainiacjoe_overflow_alcove_2, minmay_temple_entry_tees,
          gammafunk_ghost_stat_death, serial_shops,
          nicolae_shop_tiny_waterfront, roderic_filled_cross, uniq_pikel
D:7:      layout_layer_cave, grunt_temple_overflow_cloverleaf, enter_bailey_2,
          serial_shops, nicolae_shop_trees, serial_bayou_pond_a,
          lemuel_flamethrower_2

Skill      XL: |  1  2  3  4  5  6  7  8  9 |
---------------+----------------------------+-----
Spellcasting   | 3 5 |  5.7
Necromancy     | 5 7 8 |  8.8
Dodging        | 3 4 |  4.0
Summonings     | 4 |  4.4
Hexes          | 4 |  4.1
Maces & Flails | 1 |  1.7
Fighting       | 1 |  1.2
Stealth        | |  1.4

Action                     |  1- 3 |  4- 6 |  7- 9 || total
---------------------------+-------+-------+-------++-------
  Melee: Unarmed           |    43 |       |       ||    43
         Mace              |     2 |    32 |    90 ||   124
   Cast: Necrotise         |    47 |     6 |    16 ||    69
         Vampiric Draining |       |     7 |    17 ||    24
         Animate Dead      |       |     2 |     3 ||     5
         Call Canine Famil |       |       |    11 ||    11
         Summon Guardian G |       |       |     5 ||     5
    Use: Potion            |     1 |     2 |     2 ||     5
         Scroll            |       |       |    14 ||    14
   Stab: Distracted        |       |     1 |     1 ||     2
 Armour: Robe              |    23 |    25 |    60 ||   108
         Skin              |       |     3 |       ||     3
         Steam dragon scal |       |       |     3 ||     3
  Dodge: Dodged            |    42 |    28 |   101 ||   171
